 Dungeon Crawl Stone Soup version 0.31.0-11-ge490571c62 (webtiles) character file.

Game seed: 12050430659783194072

151 qw the Skirmisher (level 5, -1/29 HPs)
             Began as a Deep Elf Hunter on Feb 4, 2024.
             Incinerated by a bombardier beetle (2 damage)
             ... with a burning spray
             ... on level 3 of the Dungeon.
             The game lasted 00:01:03 (1821 turns).

qw the Skirmisher (Deep Elf Hunter)                 Turns: 1821, Time: 00:01:04

Health: -1/29      AC:  6    Str: 10    XL:     5   Next: 10%
Magic:  7/7        EV: 17    Int: 14    God:
Gold:   2          SH:  0    Dex: 18    Spells: 4/4 levels left

rFire   . . .        a - +0 shortbow
rCold   . . .        (shield currently unavailable)
rNeg    . . .        c - +0 leather armour
rPois   .            (no helmet)
rElec   .            (no cloak)
rCorr   .            (no gloves)
SInv    .            d - +2 pair of boots
Will    .....        (no amulet)
Stlth   +            e - +5 ring of evasion
HPRegen 0.24/turn    (no ring)
MPRegen 0.10/turn

%: no passive effects
@: on fire, glowing
A: no striking features
a: no special abilities


You were on level 3 of the Dungeon.
You visited 1 branch of the dungeon, and saw 3 of its levels.

You collected 112 gold pieces.
You spent 110 gold pieces at shops.


   Skills:
 - Level 1.5 Fighting
 + Level 8.5 Ranged Weapons
 - Level 2.4 Dodging
 - Level 1.2 Stealth


You had 4 spell levels left.
You didn't know any spells.
Your spell library was empty.

Inventory:

Hand Weapons
 a - a +0 shortbow (weapon)
Armour
 c - a +0 leather armour (worn)
 d - a +2 pair of boots (worn)
 h - a scarf of resistance
 k - a +0 helmet
 l - a +0 ring mail
Jewellery
 e - a +5 ring of evasion (left hand)
Scrolls
 f - a scroll of fog {unknown}
 i - a scroll of identify
 j - a scroll of revelation {unknown}
Potions
 b - a potion of invisibility {unknown}
 g - 2 potions of curing

Dungeon Overview and Level Annotations

Branches:
Dungeon (3/15)

Altars:

Shops:
D:3 [


Message History

You shoot an arrow. The arrow hits the bombardier beetle.
The bombardier beetle is lightly wounded.
You shoot an arrow. The arrow hits the bombardier beetle.
The bombardier beetle is lightly wounded.
You shoot an arrow.
The arrow barely misses the bombardier beetle.
You shoot an arrow. The arrow hits the bombardier beetle!
The bombardier beetle is severely wounded.
You shoot an arrow.
The arrow hits the bombardier beetle but does no damage.
The bombardier beetle is severely wounded.
The bombardier beetle sprays incendiary fluid at you.
The burning spray misses you.
You shoot an arrow.
The arrow hits the bombardier beetle but does no damage.
The bombardier beetle is severely wounded.
You shoot an arrow. The arrow hits the bombardier beetle.
The bombardier beetle is almost dead.
The bombardier beetle sprays incendiary fluid at you.
The burning spray hits you.
You are covered in liquid fire!
You shoot an arrow. The arrow hits the bombardier beetle.
You kill the bombardier beetle!
The liquid fire burns you!
You have reached level 5!
You are on fire!
The liquid fire burns you!
You are on fire!
The liquid fire burns you!
You are on fire!
The liquid fire burns you!
You are on fire!
The liquid fire burns you!
You are on fire!
The liquid fire burns you!
You are on fire!
The liquid fire burns you!
You are on fire!
The liquid fire burns you!
You die...

#### ... .. .#
####.######
##########..@....%..
#..........##.######
#.########## .# #.#
.# #.# .. #.# #. #.#
.# #.# .# #.#


There were no monsters in sight!

Vanquished Creatures
  A bombardier beetle (D:3)
  Terence (D:3)
  2 adders (D:2)
  4 dart slugs
  2 ribbon worms (D:2)
  2 bats
  7 endoplasms
  2 giant cockroaches
  6 goblins
  7 hobgoblins
  2 jackals (D:1)
  3 kobolds
  2 quokkas (D:2)
  5 ball pythons
  2 frilled lizards
  9 rats
57 creatures vanquished.

Notes
Turn   | Place    | Note
-------+----------+-------------------------------------------
     0 | D:1      | qw the Deep Elf Hunter began the quest for the Orb.
     0 | D:1      | Reached XP level 1. HP: 12/12 MP: 3/3
     0 | D:1      | 0 ||| qw: Version: 0.3-a-160-g6735b56
     0 | D:1      | 0 ||| qw: Game counter: 6015
     0 | D:1      | 0 ||| qw: Melee chars always use a shield: true
     0 | D:1      | 0 ||| qw: God list: Okawaru
     0 | D:1      | 0 ||| qw: Allow faded altars: false
     0 | D:1      | 0 ||| qw: Do Orc after clearing Dungeon:15 true
     0 | D:1      | 0 ||| qw: Do second Lair branch before Depths: true
     0 | D:1      | 0 ||| qw: Lair rune preference: random
     0 | D:1      | 0 ||| qw: Goals: Normal
     0 | D:1      | 0 ||| PLANNING D:1-11
    36 | D:1      | Reached skill level 6 in Ranged Weapons
    36 | D:1      | Reached XP level 2. HP: 5/16 MP: 4/4
   242 | D:1      | Reached XP level 3. HP: 20/20 MP: 5/5
   647 | D:1      | 647 ||| UPGRADING to +5 ring of evasion.
   648 | D:1      | 648 ||| READING scroll labelled CERASM QAIT.
   649 | D:1      | 649 ||| READING scroll labelled GIVUPS HIQENIU.
   649 | D:1      | 649 ||| IDENTIFYING fizzy white potion
   650 | D:1      | 650 ||| DROPPING scroll of butterflies.
   651 | D:1      | 651 ||| DROPPING potion of magic.
   777 | D:2      | Reached skill level 7 in Ranged Weapons
   868 | D:2      | Found a faded altar of an unknown god.
   907 | D:2      | 907 ||| FLEEEEING.
   909 | D:2      | 909 ||| FLEEEEING.
   961 | D:2      | HP: 5/20 [poisoned by an adder]
   972 | D:2      | Reached XP level 4. HP: 5/25 MP: 6/6
  1407 | D:2      | 1407 ||| UPGRADING to +2 pair of boots.
  1412 | D:2      | 1412 ||| DRINKING 3 bubbling ruby potions.
  1664 | D:3      | Noticed Terence
  1680 | D:3      | Killed Terence
  1681 | D:3      | Reached skill level 8 in Ranged Weapons
  1736 | D:3      | Found Siehor's Armour Shop.
  1743 | D:3      | 1743 ||| BUYING +0 helmet (58 gold).
  1743 | D:3      | Bought a +0 helmet for 58 gold pieces
  1743 | D:3      | 1743 ||| SHOPLISTING +0 pair of gloves (58 gold, have 54).
  1743 | D:3      | 1743 ||| BUYING +0 ring mail (52 gold).
  1743 | D:3      | Bought a +0 ring mail for 52 gold pieces
  1815 | D:3      | Reached XP level 5. HP: 23/29 MP: 7/7
  1819 | D:3      | HP: 6/29 [burnt (5)]
  1820 | D:3      | HP: 1/29 [burnt (6)]
  1821 | D:3      | Incinerated by a bombardier beetle

Levels and vault maps discovered:
D:1:      erik_arrival_triangle_huge, layout_rooms, minivault_4, st_stairs_14,
          chequers_serial_rivers_room_b, nicolae_titane
D:2:      layout_loops_ring, nicolae_ecumenical_oubliette
D:3:      layout_loops_ring, serial_shops, nicolae_shop_just_a_little_nook,
          uniq_terence, uniq_pargi, uniq_sigmund

Skill      XL: |  1  2  3  4 |
---------------+-------------+-----
Ranged Weapons | 6 7 8 |  8.5
Fighting       | |  1.5
Dodging        | |  2.4
Stealth        | |  1.2

Action                     |  1- 3 |  4- 6 || total
---------------------------+-------+-------++-------
   Fire: Shortbow          |   123 |    67 ||   190
    Use: Scroll            |     2 |       ||     2
         Potion            |       |     1 ||     1
 Armour: Leather armour    |    21 |    10 ||    31
  Dodge: Dodged            |    37 |    31 ||    68

Table legend:
 A = Non-vault XP
 B = Vault XP
 C = Vault XP percentage of total XP
 D = Non-vault monster count
 E = Vault monster count
 F = Vault count percentage of total count
                 A         B        C        D         E       F
            +---------+---------+-------+---------+---------+-------
      Total |     176 |      40 |  18.5 |      53 |       4 |   7.0
            +---------+---------+-------+---------+---------+-------
        D:1 |      49 |       4 |   7.5 |      25 |       3 |  10.7
        D:2 |      71 |       0 |   0.0 |      22 |       0 |   0.0
        D:3 |      56 |      36 |  39.1 |       6 |       1 |  14.3
            +---------+---------+-------+---------+---------+-------
